 Dungeon Crawl Stone Soup version 0.20.0-15-g7f486f2 (webtiles) character file.

1420 pib the Conjurer (level 8, -4/45 HPs)
             Began as a Deep Elf Wizard on June 19, 2017.
             Was a Believer of Vehumet.
             Slain by Mesmaeker13's ghost (13 damage)
             ... while paralysed by Mesmaeker13's ghost
             ... on level 7 of the Dungeon.
             The game lasted 00:36:19 (9216 turns).

pib the Conjurer (Deep Elf Wizard)                  Turns: 9216, Time: 00:36:20

Health: -4/45      AC:  2    Str:  4    XL:     8   Next: 43%
Magic:  5/19       EV:  2    Int: 29    God:    Vehumet [**....]
Gold:   132        SH:  0    Dex: 13    Spells: 7/19 levels left

rFire    . . .     SeeInvis .   S - +0 dagger (venom)
rCold    . . .     Gourm    .   (no shield)
rNeg     + + .     Faith    .   d - +0 robe {rN+}
rPois    .         Spirit   .   b - +0 hat
rElec    .         Reflect  .   (no cloak)
rCorr    .         Harm     .   (no gloves)
MR       +....                  (no boots)
Stlth    ++........             F - macabre finger necklace {rN+}
Regen    0.2/turn               t - +3 ring of intelligence (curse)
MPRegen  0.2/turn               p - ring of protection from magic
                                (no ring)

@: paralysed
A: no striking features
a: Renounce Religion


You were on level 7 of the Dungeon.
You worshipped Vehumet.
Vehumet was pleased with you.
You were not hungry.

You visited 2 branches of the dungeon, and saw 8 of its levels.

You collected 257 gold pieces.
You spent 125 gold pieces at shops.

Inventory:

Hand Weapons
 u - a +0 rapier
 w - a +0 hunting sling
 z - a +2 hand axe of freezing
 Q - a +1 quarterstaff of draining
 S - a +0 dagger of venom (weapon)
Missiles
 j - 35 poisoned needles
 r - 11 tomahawks (quivered)
 y - a throwing net
Armour
 a - a +0 robe
 b - a +0 hat (worn)
 d - a +0 robe of positive energy (worn)
 k - a +0 buckler
 E - a +0 helmet
Jewellery
 n - an uncursed ring of protection from cold
 p - a ring of protection from magic (right hand)
 t - a cursed +3 ring of intelligence (left hand)
 B - a +3 ring of intelligence
 F - the macabre finger necklace (around neck) {rN+}
   (You found it on level 5 of the Dungeon)

   [amulet of nothing]

   It protects you from negative energy.
Wands
 C - a wand of random effects (28/48)
 O - a wand of confusion (31/48)
 P - a wand of confusion (16/48)
 T - a wand of random effects (39/48)
Scrolls
 i - 5 scrolls of remove curse
 o - 4 scrolls of identify
 v - a scroll of enchant weapon {unknown}
 D - 2 scrolls of teleportation
 H - a scroll of magic mapping
 K - a scroll of fear {unknown}
 L - a scroll of recharging {unknown}
 M - a scroll of enchant armour {unknown}
 N - a scroll of silence {unknown}
Potions
 e - 3 potions of heal wounds
 h - a potion of cancellation {unknown}
 l - 2 potions of curing {unknown}
 m - a potion of invisibility {unknown}
 s - 2 potions of might {unknown}
 x - a potion of degeneration {unknown}
 A - a potion of lignification {unknown}
 I - 2 potions of haste {unknown}
 J - 2 potions of flight {unknown}
Books
 c - a book of Minor Magic

   Spells                             Type                      Level
   a - Magic Dart                     Conjuration                  1
   b - Blink                          Translocation                2
   c - Call Imp                       Summoning                    2
   d - Slow                           Hexes                        2
   e - Conjure Flame                  Conjuration/Fire             3
   f - Mephitic Cloud                 Conjuration/Poison/Air       3
Comestibles
 f - 6 royal jellies
 g - 2 meat rations
 q - a chunk of flesh
 G - 3 bread rations


   Skills:
 + Level 2.3 Fighting
 + Level 6.4 Dodging
 - Level 2.4 Stealth
 + Level 6.3 Spellcasting
 - Level 6.7 Conjurations
 - Level 1.1 Summonings
 - Level 1.1 Translocations
 - Level 2.9 Fire Magic
 - Level 1.3 Air Magic
 - Level 2.8 Earth Magic
 - Level 1.8 Poison Magic


You had 7 spell levels left.
You knew the following spells:

 Your Spells              Type           Power        Failure   Level  Hunger
a - Magic Dart            Conj           ####         1%          1    None
b - Blink                 Tloc           N/A          5%          2    None
c - Call Imp              Summ           ###.....     5%          2    None
d - Conjure Flame         Conj/Fire      #####...     2%          3    None
e - Mephitic Cloud        Conj/Pois/Air  ####....     4%          3    None
f - Sandblast             Erth           ####..       1%          1    None


Dungeon Overview and Level Annotations

Branches:
Dungeon (7/15)             Temple (1/1) D:4

Altars:
Ashenzari
Cheibriados
Dithmenos
Elyvilon
Fedhas
Gozag
Hepliaklqana
Kikubaaqudgha
Nemelex Xobeh
Okawaru
Qazlal
Ru
Sif Muna
Trog
Uskayaw
Vehumet
Xom
Yredelemnul
The Shining One

Shops:
D:6 *

Annotations:
D:3 Ijyb; vishdafish's ghost, amateur TrFi
D:4 Edmund
D:5 Pikel
D:7 Joseph; Mesmaeker13's ghost, novice HOCK


Message History

Confirm with . or Enter, or press ? or * to list all spells.
Okay, then.
Casting: Sandblast
Confirm with . or Enter, or press ? or * to list all spells.
A beastly little devil appears in a puff of flame.
Mesmaeker13's ghost hits you but does no damage.
Casting: Call Imp
Confirm with . or Enter, or press ? or * to list all spells.
A beastly little devil appears in a puff of frigid air.
Mesmaeker13's ghost closely misses you.
You hit Mesmaeker13's ghost but do no damage.
Mesmaeker13's ghost is heavily damaged.
Mesmaeker13's ghost is engulfed in blazing flames.
Mesmaeker13's ghost hits you.
You suddenly lose the ability to move!
Mesmaeker13's ghost is engulfed in blazing flames.
Mesmaeker13's ghost mumbles, "They all look like pillowcases to me..."
Mesmaeker13's ghost hits you.
You are electrocuted!
* * * LOW HITPOINT WARNING * * *
Mesmaeker13's ghost hits you!
You die...

#..#.## # .. ## #...#.####.# # ..
. # #..###.[...# # #.##. .##
##..#.###### ## #...###.# #).#.##
##. #.#..#..## #.##># #..
#........###.#ยง##.# #..
.##............#W##.# #.#
...........#####@##.###########.#
#####..........55...##.......##..
##..............##.#####.####
#..########.#.###.# #.# #..#
#)#.###.# #.#### #..# #.#.....#
#.##.. ...# #.####### #.##.#
##.## #.# #.##.# ..# #.# #.....


You could see Mesmaeker13's ghost, a friendly crimson imp and a friendly white
imp.

Vanquished Creatures
  Grinder (D:3)
  Sigmund (D:5)
  A slave (D:5)
  2 phantoms
  A bullfrog (D:7)
  2 scorpions
  A howler monkey (D:6)
  2 crimson imps (D:6)
  A gnoll shaman (D:4)
  2 hounds (D:4)
  A jelly (D:5)
  2 orc priests
  Jessica (D:1)
  An iguana (D:6)
  3 orc wizards
  2 worker ants
  13 gnolls
  4 adders
  4 dart slugs
  4 leopard geckos
  29 orcs
  4 giant cockroaches
  5 goblins
  6 hobgoblins
  14 jackals (D:4)
  8 kobolds
  4 quokkas
  12 bats
  3 frilled lizards
  3 quokka zombies
  7 rats
144 creatures vanquished.

Notes
Turn   | Place    | Note
-------+----------+-------------------------------------------
     0 | D:1      | pib the Deep Elf Wizard began the quest for the Orb.
     0 | D:1      | Reached XP level 1. HP: 10/10 MP: 7/7
   430 | D:1      | Reached XP level 2. HP: 14/15 MP: 5/9
   434 | D:1      | Learned a level 2 spell: Blink
   437 | D:1      | Learned a level 2 spell: Call Imp
   663 | D:2      | Noticed Jessica
   672 | D:1      | Killed Jessica
   672 | D:1      | Reached skill level 5 in Spellcasting
   672 | D:1      | Reached XP level 3. HP: 3/19 MP: 2/11
   952 | D:2      | Found a stormy altar of Qazlal.
  1331 | D:2      | Learned a level 3 spell: Conjure Flame
  1335 | D:2      | Learned a level 3 spell: Mephitic Cloud
  1544 | D:2      | Reached XP level 4. HP: 24/24 MP: 9/13
  2191 | D:3      | Noticed vishdafish's ghost (amateur TrFi)
  2251 | D:3      | Noticed Grinder
  2263 | D:4      | Noticed Edmund
  2271 | D:3      | Paralysed by Grinder for 5 turns
  2282 | D:3      | Killed Grinder
  2282 | D:3      | Reached skill level 1 in Fire Magic
  2282 | D:3      | Reached skill level 1 in Air Magic
  2282 | D:3      | Reached skill level 1 in Poison Magic
  2282 | D:3      | Reached XP level 5. HP: 18/28 MP: 4/15
  2467 | D:3      | Reached XP level 6. HP: 32/32 MP: 11/16
  2548 | D:3      | Noticed Ijyb
  3301 | D:4      | Found a staircase to the Ecumenical Temple.
  3313 | Temple   | Entered the Ecumenical Temple
  3440 | Temple   | Became a worshipper of Vehumet
  3498 | D:4      | Found a basalt altar of Yredelemnul.
  3522 | D:4      | Found a shimmering altar of Xom.
  4519 | D:4      | Reached * piety under Vehumet
  4519 | D:4      | Offered knowledge of Sandblast by Vehumet.
  4637 | D:4      | Reached XP level 7. HP: 36/36 MP: 6/18
  5094 | D:5      | Entered Level 5 of the Dungeon
  5210 | D:5      | Learned a level 1 spell: Sandblast
  5314 | D:5      | Reached skill level 5 in Conjurations
  5541 | D:5      | Noticed Sigmund
  5568 | D:5      | Killed Sigmund
  5568 | D:5      | Reached skill level 1 in Fighting
  5568 | D:5      | Reached skill level 5 in Dodging
  5568 | D:5      | Reached skill level 1 in Earth Magic
  6352 | D:5      | Reached XP level 8. HP: 44/44 MP: 11/19
  6796 | D:5      | Noticed Pikel
  7013 | D:6      | Found Tyeg's Assorted Antiques.
  7016 | D:6      | Bought a potion of heal wounds for 125 gold pieces
  7814 | D:6      | Reached ** piety under Vehumet
  8444 | D:7      | Offered knowledge of Shock by Vehumet.
  8602 | D:7      | Noticed Mesmaeker13's ghost (novice HOCK)
  8992 | D:7      | Noticed Joseph
  9003 | D:7      | HP: 2/45 [Joseph/sling bullet (16)]
  9214 | D:7      | Paralysed by Mesmaeker13's ghost for 3 turns
  9216 | D:7      | Slain by Mesmaeker13's ghost

Skill      XL: |  1  2  3  4  5  6  7  8 |
---------------+-------------------------+-----
Spellcasting   | 5 6 |  6.3
Conjurations   | 2 3 4 6 |  6.7
Dodging        | 3 4 5 6 |  6.4
Fire Magic     | 1 2 |  2.9
Air Magic      | 1 |  1.3
Poison Magic   | 1 |  1.8
Fighting       | 1 2 |  2.3
Earth Magic    | 2 |  2.8
Stealth        | |  2.4
Summonings     | |  1.1
Translocations | |  1.1

Action                   |  1- 3 |  4- 6 |  7- 9 || total
-------------------------+-------+-------+-------++-------
Melee: Dagger            |       |       |     2 ||     2
 Cast: Magic Dart        |    63 |   174 |   231 ||   468
       Call Imp          |     1 |     3 |     6 ||    10
       Conjure Flame     |       |     4 |    23 ||    27
       Mephitic Cloud    |       |     2 |     4 ||     6
       Blink             |       |     1 |     6 ||     7
  Use: Scroll            |     2 |     3 |     4 ||     9
       Potion            |       |       |     1 ||     1
  Eat: Chunk             |     2 |     5 |     8 ||    15
       Bread ration      |       |     1 |     1 ||     2
       Fruit             |       |       |     1 ||     1
Armor: Robe              |     6 |     4 |     1 ||    11
Dodge: Dodged            |     9 |    36 |    16 ||    61
